 Dungeon Crawl Stone Soup version 0.14.0-7-g2801ba0 (webtiles) character file.

173 RogerD the Cutter (level 4, -9/31 HPs)
             Began as a Halfling Berserker on Apr 13, 2014.
             Was a Believer of Trog.
             Mangled by a hobgoblin
             ... wielding a +1,+1 short sword of electrocution
              (19 damage)
             ... on Level 3 of the Dungeon.
             The game lasted 00:17:30 (1615 turns).

RogerD the Cutter (Halfling Berserker)              Turns: 1615, Time: 00:17:30

HP  -9/31        AC  8     Str 15      XL: 4   Next: 68%
MP   3/3         EV 11     Int  7      God: Trog [**....]
Gold 92          SH  0     Dex 15      Spells:  0 memorised,  3 levels left

rFire  . . .     SeeInvis .     a - +0 short sword
rCold  . . .     Clarity  .     o - +0 ring mail
rNeg   . . .     Conserve .     (no shield)
rPois  .         rCorr    .     (no helmet)
rElec  .         rRot     .     k - +0 cloak
SustAb . .       Spirit   .     f - +1 pair of gloves
rMut   .         Warding  .     (no boots)
Saprov . . .     Stasis   .     (no amulet)
MR     .....                    (no ring)
                                (no ring)

@: not resistant to hostile enchantments, very unstealthy
A: low mp 1, mutation resistance 1, sense surroundings 1, slow metabolism 1
a: Burn Spellbooks, Berserk, Trog's Hand, Renounce Religion


You were on level 3 of the Dungeon.
You worshipped Trog.
Trog was pleased with you.
You were not hungry.

You visited 1 branch of the dungeon, and saw 3 of its levels.

You collected 92 gold pieces.

Inventory:

Hand weapons
 a - a +0,+0 short sword (weapon)
Armour
 b - a +0 animal skin
 f - a +1 pair of gloves (worn)
 k - a +0 cloak (worn)
 o - a +0 ring mail (worn)
Comestibles
 c - 3 bread rations
 j - a meat ration
Scrolls
 e - 4 scrolls of identify
 i - 4 scrolls of enchant weapon II {unknown}
 l - a scroll of teleportation {unknown}
 m - a scroll of amnesia {unknown}
 p - a scroll of remove curse {unknown}
 q - a scroll of magic mapping {unknown}
 r - a scroll of recharging {unknown}
Potions
 d - 2 potions of curing
 n - a potion of heal wounds {unknown}


   Skills:
 + Level 3.1 Fighting
 + Level 4.9 Short Blades
 + Level 2.3 Throwing
 + Level 1.7 Armour
 + Level 3.3 Dodging


You had 3 spell levels left.
You didn't know any spells.

Dungeon Overview and Level Annotations

Branches:
Dungeon (3/15)

Altars:
Elyvilon
Fedhas
Makhleb
Xom


Innate Abilities, Weirdness & Mutations

You are small and have problems with some larger weapons.
You are somewhat resistant to further mutation.
You have a slow metabolism.
Your magical capacity is low (-10% MP).
You passively map a small area around you.


Message History

A hobgoblin comes into view. It is wielding a runed short sword.
The hobgoblin shouts!
You see here a poisoned needle.
The hobgoblin throws a dart.
The dart misses you.
Things that are here:
a dart; a poisoned needle The hobgoblin throws a dart.
The dart misses you.
You see here a dart.
The hobgoblin throws a dart.
The dart misses you.
You see here a dart.
The hobgoblin throws a dart.
The dart misses you.
Found a white marble altar of Elyvilon.
The hobgoblin hits you but does no damage.
You are electrocuted!
There is an escape hatch in the ceiling here.
You hit the hobgoblin but do no damage.
The hobgoblin hits you but does no damage.
You are electrocuted!
Ouch! That really hurt!
You die...

* * * * * ,
###+######### . ,
#.(..(((((..# .. ,
#.(...<.....#...,
, #........@..#...
,
#.)......g........
#.........(.##.._
, , #......<..).#
.., #...........#*
* * #############


You could see a hobgoblin.

Vanquished Creatures
  A crimson imp (D:2)
  A gnoll (D:1)
  3 orcs (D:3)
  5 bats
  3 giant cockroaches (D:1)
  5 goblins
  4 hobgoblins
  6 kobolds
  A giant newt (D:2)
  5 rats
34 creatures vanquished.

Notes
Turn   | Place    | Note
--------------------------------------------------------------
     0 | D:1      | RogerD, the Halfling Berserker, began the quest for the Orb.
     0 | D:1      | Reached XP level 1. HP: 15/15 MP: 1/1
   283 | D:1      | Reached XP level 2. HP: 17/20 MP: 2/2
   599 | D:1      | Reached skill level 1 in Throwing
   599 | D:1      | Reached XP level 3. HP: 21/26 MP: 3/3
  1053 | D:2      | Found a burning altar of Makhleb.
  1100 | D:2      | Reached XP level 4. HP: 28/31 MP: 4/4
  1167 | D:2      | Acquired Trog's second power
  1223 | D:2      | Found a shimmering altar of Xom.
  1335 | D:2      | Found a blossoming altar of Fedhas.
  1420 | D:3      | Gained mutation: Your magical capacity is low (-10% MP). [potion of mutation]
  1420 | D:3      | Gained mutation: You passively map a small area around you. [potion of mutation]
  1613 | D:3      | Found a white marble altar of Elyvilon.
  1615 | D:3      | Mangled by a hobgoblin

Action                   |  1- 3 |  4- 6 || total
-------------------------+-------+-------++-------
Melee: Short sword       |    95 |    61 ||   156
Throw: Dart              |    45 |     7 ||    52
  Use: Scroll            |     1 |       ||     1
       Potion            |       |     2 ||     2
